cohdb
Replays
Latest Replays
All Replays
Popular Replays
Top Player Replays
Match Explorer
How It Works
Community
CoH3 Stats
Reddit
Sign in to upload your games and track your stats! →
Sign in with Steam
Match 25662159
Unlisted
Match 25662159
Overview
Messages
Build Orders
End
Panzergrenadier Squad
Selects Italian Infantry
Selects Italian Infantry
250 Light Carrier
Panzergrenadier Squad
Construct Light Support Kompanie
2.5-tonne Medical Truck
Selects Defensive Operations
Assault Grenadier Squad
Construct Mechanized Kompanie
Assault Mechanized Group
Panzerpioneer Squad
Selects Guastatori Squad
2.5-tonne Medical Truck
Marder III Tank Destroyer
Selects Prepared Positions
Panzerjäger Mechanized Group
Construct Panzerarmee Kommand
Panzer III L Medium Tank
Stalingradec
Megasalami
Clavis
Jonatanga
Eber
GodVvz
0
0
Comments
sign in to comment!
No comments posted yet!